Map: King Sejong Station LE

Players

FiReLiSk - Winner!

  • Race: Protoss Protoss

Rychro

  • Race: Zerg Zerg

VOD

Have the link to the VOD?

Description

Time

  • Played on: June 18, 2016, 10 p.m.
  • Length: 16:43
Show
View Real Time Build Order
Export as new Build Order

FiReLiSk Protoss - Winner!

Build Orders:  

Get SALT Encoding   

  12  0:02  Probe (Chrono Boost)  
  13  0:24  Pylon  
  13  0:30  Probe (Chrono Boost)  
  14  0:40  Probe (Chrono Boost)  
  15  0:47  Gateway  
  15  0:51  Probe (Chrono Boost)  
  16  1:01  Probe (Chrono Boost)  
  17  1:12  Probe (Chrono Boost)  
  17  1:15  Pylon  
  18  1:27  Assimilator  
  18  1:30  Probe (Chrono Boost)  
  19  1:41  Probe (Chrono Boost), Cybernetics Core  
  20  2:02  Forge  
  20  2:09  Pylon  
  20  2:19  Warp Gate  
  20  2:29  Gateway  
  20  2:31  Gateway  
  20  2:43  Photon Cannon  
  20  2:50  Photon Cannon  
  20  3:08  Zealot, Nexus  
  22  3:14  Pylon  
  22  3:25  Gateway  
  22  3:27  Pylon  
  22  3:34  Photon Cannon  
  22  3:41  Gateway  
  22  3:43  Gateway  
  22  3:54  Assimilator  
  22  3:56  Probe (Chrono Boost)  
  23  4:06  Probe (Chrono Boost)  
  25  4:17  Probe (Chrono Boost)  
  25  4:19  Robotics Facility  
  25  4:29  Photon Cannon  
  25  4:42  Protoss Ground Armor Level 1 (Chrono Boost)  
  25  4:45  Probe  
  25  4:51  Probe  
  27  4:56  Probe  
  28  5:03  Probe  
  28  5:04  Photon Cannon  
  28  5:06  Probe  
  30  5:15  Probe  
  30  5:16  Stalker  
  30  5:17  Probe  
  30  5:18  Stalker  
  36  5:22  Pylon  
  36  5:27  Probe  
  36  5:32  Stalker  
  39  5:41  Immortal (Chrono Boost)  
  43  5:51  Probe  
  44  5:58  Probe  
  44  6:01  Probe  
  46  6:09  Protoss Ground Weapons Level 1 (Chrono Boost)  
  46  6:10  Probe  
  47  6:19  Warp Prism (Chrono Boost)  
  49  6:43  Stalker  
  49  6:44  Stalker  
  49  6:45  Zealot x2  
  57  6:51  Twilight Council  
  57  7:00  Stalker x2  
  61  7:05  Stalker  
  61  7:07  Stalker x2  
  61  7:08  Stalker  
  69  7:16  Assimilator  
  69  7:17  Probe  
  70  7:23  Probe  
  70  7:29  Probe  
  72  7:31  Blink (Chrono Boost)  
  72  7:35  Probe, Stalker  
  72  7:36  Stalker  
  77  7:41  Probe  
  78  7:50  Probe  
  77  7:51  Pylon  
  77  7:53  Probe  
  74  8:05  Probe  
  74  8:08  Nexus  
  74  8:09  Immortal  
  74  8:10  Pylon  
  79  8:22  Pylon  
  79  8:30  Pylon  
  79  8:33  Probe  
  80  8:45  Probe  
  81  8:53  Stalker x2  
  81  8:54  Stalker, Zealot  
  89  8:55  Stalker  
  89  8:56  Stalker  
  89  8:57  Probe  
  94  9:09  Probe  
  95  9:12  Gateway  
  95  9:14  Gateway  
  95  9:15  Gateway  
  95  9:19  Probe  
  95  9:20  Pylon  
  95  9:21  Probe  
  97  9:30  Probe  
  98  9:40  Probe  
  98  9:43  Nexus  
  99  9:51  Probe  
  99  9:52  Assimilator  
  100  9:56  Stalker  
  100  9:57  Stalker x3  
  100  9:58  Stalker  
  110  10:01  Probe  
  101  10:11  Mothership Core  
  89  10:15  Stalker  
  79  10:23  Stalker x2  
  79  10:24  Stalker  
  79  10:25  Stalker x2  
  83  10:54  Probe  
  83  10:55  Pylon  
  84  10:59  Probe  
  85  11:05  Probe  
  85  11:10  Probe  
  86  11:12  Immortal  
  86  11:15  Probe  
  92  11:20  Probe  
  92  11:21  Stalker x2  
  92  11:22  Stalker  
  92  11:23  Stalker  
  92  11:24  Stalker  
  103  11:26  Probe  
  104  11:35  Stalker  
  104  11:37  Probe  
  107  11:44  Nexus  
  107  11:52  Immortal  
  111  12:04  Pylon  
  111  12:06  Probe  
  112  12:17  Probe, Assimilator  
  112  12:18  Probe  
  114  12:27  Probe  
  114  12:29  Probe  
  115  12:31  Immortal  
  115  12:33  Stalker x2  
  115  12:34  Stalker  
  115  12:35  Stalker x2  
  115  12:36  Stalker x2  
  134  12:38  Probe, Stalker  
  134  12:39  Probe, Stalker  
  140  12:49  Probe  
  141  12:56  Stalker  
  141  12:57  Stalker x2  
  141  12:58  Stalker  
  149  12:59  Zealot  
  149  13:00  Zealot x2  
  149  13:05  Protoss Ground Armor Level 2  
  155  13:10  Immortal  
  159  13:13  Stalker x2  
  159  13:19  Stalker  
  165  13:21  Stalker  
  121  14:10  Stalker x3  
  121  14:12  Stalker  
  121  14:13  Stalker x3  
  121  14:14  Stalker  
  121  14:15  Stalker  
  139  14:26  Photon Cannon  
  139  14:31  Photon Cannon  
  139  14:35  Assimilator  
  139  14:46  Probe  
  140  14:57  Probe  
  141  15:07  Probe  
  142  15:17  Pylon  
  142  15:18  Probe  
  143  15:21  Photon Cannon  
  143  15:29  Probe  
  118  15:59  Stalker  
  118  16:00  Stalker x2  
  118  16:01  Stalker x2  
  118  16:02  Stalker  
  118  16:03  Stalker x2  
  118  16:04  Stalker  
  132  16:40  Stalker  
Show
View Real Time Build Order
Export as new Build Order

Rychro Zerg 

Build Orders: Hatch First, Swarm Host 

Get SALT Encoding   

  12  0:02  Drone  
  13  0:09  Drone  
  14  0:41  Overlord  
  14  0:45  Hatchery  
  13  1:00  Spawning Pool  
  13  1:02  Drone  
  13  1:05  Drone  
  13  1:10  Drone  
  15  1:20  Drone  
  16  1:28  Extractor  
  16  1:32  Extractor, Drone  
  15  1:35  Drone  
  16  1:47  Overlord  
  16  1:54  Queen  
  16  1:57  Drone  
  19  2:01  Drone  
  20  2:11  Drone  
  20  2:14  Queen  
  23  2:16  Drone  
  25  2:22  Drone  
  25  2:31  Lair  
  25  2:36  Drone  
  26  2:40  Drone  
  26  2:43  Drone  
  28  2:57  Overlord  
  28  3:00  Drone  
  29  3:10  Drone  
  30  3:27  Overlord, Roach Warren  
  30  3:28  Hatchery  
  30  3:31  Drone  
  29  3:40  Extractor  
  28  3:41  Drone  
  28  3:42  Extractor, Drone  
  28  3:46  Drone  
  30  3:58  Spire  
  30  4:02  Drone x2  
  31  4:06  Drone  
  31  4:07  Drone  
  33  4:23  Evolution Chamber  
  32  4:25  Roach x2  
  32  4:26  Roach  
  32  4:30  Roach  
  40  4:32  Roach  
  40  4:35  Roach  
  45  4:38  Drone  
  45  4:45  Drone  
  46  4:48  Roach  
  46  4:49  Roach  
  52  4:52  Roach  
  52  4:56  Drone x2  
  54  5:02  Queen  
  56  5:12  Roach  
  56  5:13  Overlord  
  58  5:23  Overlord  
  58  5:33  Drone  
  58  5:34  Drone x2  
  61  5:37  Mutalisk  
  61  5:38  Mutalisk  
  65  5:43  Mutalisk  
  65  5:44  Mutalisk x2  
  71  5:54  Corruptor  
  73  5:58  Overlord  
  73  6:05  Extractor  
  73  6:07  Extractor, Drone x2  
  73  6:10  Drone  
  74  6:20  Drone x3  
  74  6:21  Drone  
  74  6:23  Mutalisk x2  
  82  6:30  Overlord  
  82  6:43  Overlord x3  
  82  6:49  Roach  
  82  6:50  Roach  
  88  6:54  Roach x2  
  88  7:00  Overlord x3  
  90  7:15  Mutalisk x2  
  92  7:16  Mutalisk  
  92  7:20  Zergling x2  
  92  7:21  Zergling x4  
  99  7:28  Zerg Ground Armor Level 1  
  99  7:32  Drone  
  99  7:33  Zergling x4  
  102  7:37  Drone  
  102  7:39  Zergling x2  
  102  7:40  Zergling x2  
  105  8:19  Zergling x2  
  106  8:20  Zergling x4  
  106  8:23  Zergling x2  
  106  8:24  Zergling x4  
  111  8:36  Overlord x3  
  111  8:40  Mutalisk  
  113  8:43  Mutalisk x2  
  117  8:52  Mutalisk  
  119  9:20  Drone x2  
  119  9:23  Drone, Zerg Missile Weapons Level 1  
  119  9:24  Drone x2  
  124  9:33  Drone  
  125  9:40  Infestation Pit  
  81  10:27  Roach  
  81  10:28  Roach x2  
  81  10:32  Swarm Host x4  
  81  10:33  Swarm Host  
  94  10:38  Zergling x2  
  94  10:39  Zergling x6  
  96  10:51  Zergling x2  
  96  10:55  Swarm Host  
  100  10:58  Roach x2  
  104  11:08  Hatchery  
  103  11:19  Zergling x2  
  103  11:20  Zergling x2  
  103  11:24  Hive  
  105  11:28  Zergling x8  
  109  11:34  Zergling x4  
  109  11:38  Zergling x6  
  114  11:45  Neural Parasite  
  114  11:49  Zergling x2  
  115  12:01  Mutalisk x2  
  119  12:11  Zergling x4  
  119  12:14  Zergling x6  
  119  12:15  Zergling x2  
  125  12:20  Zergling x2  
  125  12:22  Zerg Ground Armor Level 2  
  126  12:25  Zergling x8  
  130  12:37  Roach x3  
  130  12:38  Roach  
  130  12:40  Roach  
  140  12:45  Zergling x6  
  140  12:46  Zergling x2  
  144  12:52  Roach  
  146  12:59  Roach x2  
  150  13:11  Roach  
  152  13:16  Roach x3  
  152  13:17  Roach x2  
  162  13:23  Roach x3  
  168  13:42  Queen  
  104  14:11  Zergling x4  
  104  14:12  Zergling x2  
  104  14:13  Zergling x4  
  104  14:14  Zergling x12  
  104  14:16  Zergling x2  
  117  14:17  Zergling x8  
  120  14:27  Zergling x10  
  125  14:38  Zerg Melee Weapons Level 1  
  125  14:41  Zergling x4  
  127  14:52  Zergling x6  
  130  14:59  Zergling x2  
  132  15:00  Zergling x10  
  132  15:04  Zergling x8  
  132  15:06  Mutalisk x5  
  97  15:56  Zergling x2  
  97  15:57  Zergling x10  
  77  15:58  Zergling x8  
  77  15:59  Zergling x4  
  77  16:04  Zergling x6  
Tags
 
Add a new tag
Caveats
  • Supply blocks, unpowered buildings, or Contaminate may cause inaccurate times.
  • Supply counts are checked every 10 seconds.